 Dungeon Crawl Stone Soup version 0.25-a0-100-g33052ceff8 (webtiles) character file.

Game seed: 2898008591618594634, levelgen mode: deterministic

1455725 iamserjio the Slayer (level 27, 202/207 HPs)
             Began as an Octopode Monk on Nov 14, 2019.
             Was a High Priest of Okawaru.
             Escaped with the Orb
             ... and 3 runes!
             The game lasted 03:09:53 (93867 turns).

iamserjio the Slayer (Octopode Monk)               Turns: 93867, Time: 03:09:53

Health: 202/207    AC:  8    Str: 15    XL:     27
Magic:  48/48      EV: 38    Int: 24    God:    Okawaru [*****.]
Gold:   414        SH: 22    Dex: 25    Spells: 13/50 levels left

rFire    + + .     SeeInvis +   I - +9 eveningstar (freeze)
rCold    + . .     Gourm    .   c - +5 shield {AC+3}
rNeg     . . .     Faith    .   p - +2 hat {MR+}
rPois    .         Spirit   .   D - +5 amulet of reflection
rElec    +         Reflect  +   R - ring of protection from cold
rCorr    .         Harm     .   W - ring "Okof" {+Inv rElec MP+9 Str-2 Dex+4}
MR       +++..                  T - ring of protection from fire
Stlth    +++.......             y - ring "Kokh" {Int+4 Slay+5 SInv Stlth+}
HPRegen  0.44/turn              r - +4 ring of evasion
MPRegen  0.31/turn              C - ring of protection from fire
                                e - +4 ring of dexterity
                                s - ring of Lugonu's Anger {Int+4 Slay+2}

@: deflect missiles
A: almost no armour, stealthy swim, amphibious, 8 rings, constrict 8, tentacle
spike 1, yellow scales 1, camouflage 1, gelatinous body 1
0: Orb of Zot
}: 3/15 runes: decaying, serpentine, slimy
a: Heroism, Finesse, Renounce Religion, Evoke Invisibility


You escaped.
You worshipped Okawaru.
Okawaru was extremely pleased with you.
You were not hungry.

You visited 11 branches of the dungeon, and saw 54 of its levels.
You visited 1 bazaar.
You visited 1 ziggurat, and saw 5 of its levels.
You also visited: Ice Cave.

You collected 6099 gold pieces.
You spent 5685 gold pieces at shops.

Inventory:

Hand Weapons
 t - the +5 quick blade "Helusoj" {antimagic, rElec}
   (Okawaru gifted it to you on level 5 of the Pits of Slime)

   It reduces the magical energy of the wielder, and disrupts the spells and
   magical abilities of those hit.
   Natural abilities and divine invocations are not affected.
   It insulates you from electricity.
 I - a +9 eveningstar of freezing (weapon)
Missiles
 g - a throwing net (quivered) {!f}
Armour
 c - a +5 shield of protection (worn)
 h - the +0 hat "Filua" {-Tele rN++ Str+4 Int+3}
   (Okawaru gifted it to you on level 3 of the Vaults)

   It affects your strength (+4).
   It affects your intelligence (+3).
   It greatly protects you from negative energy.
   It prevents most forms of teleportation.
 p - a +2 hat of magic resistance (worn)
Jewellery
 a - an uncursed ring of resist corrosion
 e - a +4 ring of dexterity (on tentacle)
 i - the ring "Teuptiv" {rElec rF- MR+ Dex+3}
   (You acquired it on level 3 of the Vaults)

   [ring of protection from magic]

   It affects your dexterity (+3).
   It makes you vulnerable to fire.
   It insulates you from electricity.
   It affects your resistance to hostile enchantments.
 r - a +4 ring of evasion (on tentacle)
 s - the ring of Lugonu's Anger (on tentacle) {Int+4 Slay+2}
   (You found it on level 3 of the Swamp)

   [ring of intelligence]

   It affects your intelligence (+4).
   It affects your accuracy and damage with ranged weapons and melee attacks
   (+2).
 x - an uncursed ring of positive energy
 y - the ring "Kokh" (on tentacle) {Int+4 Slay+5 SInv Stlth+}
   (You took it off a deep elf mage on level 3 of the Elven Halls)

   [ring of slaying]

   It affects your intelligence (+4).
   It affects your accuracy and damage with ranged weapons and melee attacks
   (+5).
   It lets you see invisible.
   It makes you more stealthy.
 C - a ring of protection from fire (on tentacle)
 D - a +5 amulet of reflection (around mantle)
 L - an uncursed ring of poison resistance
 R - a ring of protection from cold (left tentacle)
 T - a ring of protection from fire (on tentacle)
 W - the ring "Okof" (right tentacle) {+Inv rElec MP+9 Str-2 Dex+4}
   (You took it off a wight on level 9 of the Dungeon)

   [ring of magical power]

   It affects your strength (-2).
   It affects your dexterity (+4).
   It insulates you from electricity.
   It affects your magic capacity (+9).
   It lets you turn invisible.
Wands
 k - a wand of acid (16)
 o - a wand of enslavement (36)
 A - a wand of disintegration (4)
 E - a wand of clouds (8)
 M - a wand of scattershot (8)
 Q - a wand of digging (5)
 U - a wand of iceblast (14)
Scrolls
 f - 3 scrolls of holy word
 j - 4 scrolls of identify {@r1}
 l - 8 scrolls of blinking
 m - 6 scrolls of teleportation {@r3}
 u - 3 scrolls of summoning
 H - 4 scrolls of fog
 O - 6 scrolls of fear
 P - 5 scrolls of silence
Potions
 d - a potion of ambrosia
 n - 8 potions of mutation
 q - 3 potions of resistance
 v - 27 potions of curing {@q1}
 z - 16 potions of heal wounds
 B - 10 potions of haste
 F - 6 potions of magic
 K - 3 potions of invisibility
 S - 3 potions of might
 V - 2 potions of brilliance
 X - 7 potions of lignification
 Y - 5 potions of cancellation
 Z - 4 potions of agility
Miscellaneous
 J - 2 boxes of beasts
 N - a phial of floods
Comestibles
 b - 45 rations


   Skills:
 - Level 22.0 Fighting
 - Level 8.0 Short Blades
 - Level 16.0 Maces & Flails
 * Level 21.6 Dodging
 + Level 14.4 Stealth
 - Level 10.0 Shields
 - Level 12.0 Spellcasting
 - Level 1.0 Conjurations
 - Level 5.0 Hexes
 - Level 7.0 Charms
 - Level 12.0 Summonings
 - Level 6.0 Necromancy
 - Level 4.0 Translocations
 - Level 3.0 Transmutations
 - Level 7.0 Air Magic
 - Level 2.0 Poison Magic
 - Level 7.0 Invocations
 + Level 20.2 Evocations


You had 13 spell levels left.
You knew the following spells:

 Your Spells              Type           Power        Failure   Level  Hunger
a - Animate Dead          Necr           N/A          7%          4    None
b - Confusing Touch       Hex            #####.       1%          1    None
c - Apportation           Tloc           ####..       1%          1    None
d - Summon Lightning Spi  Summ/Air       ######..     1%          4    None
e - Mephitic Cloud        Conj/Pois/Air  ####....     6%          3    None
f - Blink                 Tloc           N/A          2%          2    None
h - Passwall              Tmut/Erth      ###.....     7%          2    None
j - Silence               Hex/Air        #####.....   19%         5    ###....
k - Deflect Missiles      Chrm/Air       #####.....   56%         6    #####..
l - Regeneration          Chrm/Necr      #####.....   1%          3    None
m - Shadow Creatures      Summ           N/A          9%          6    #####..

Your spell library contained the following spells:

 Spells                   Type           Power        Failure   Level  Hunger
 Animate Skeleton         Necr           N/A          1%          1    None
 Corona                   Hex            #####..      1%          1    None
 Infusion                 Chrm           ####         1%          1    None
 Pain                     Necr           ####         1%          1    None
 Summon Small Mammal      Summ           ####         1%          1    None
 Call Imp                 Summ           ######..     1%          2    None
 Poisonous Vapours        Pois/Air       #####.       1%          2    None
 Shroud of Golubria       Chrm/Tloc      #####.       1%          2    None
 Slow                     Hex            #####...     1%          2    None
 Song of Slaying          Chrm           #####...     1%          2    None
 Call Canine Familiar     Summ           ######..     1%          3    None
 Recall                   Summ/Tloc      N/A          1%          3    None
 Spectral Weapon          Hex/Chrm       #####...     1%          3    None
 Summon Guardian Golem    Hex/Summ       ######..     1%          3    None
 Vampiric Draining        Necr           #####.....   1%          3    None
 Beastly Appendage        Tmut           ####..       2%          1    None
 Sticks to Snakes         Tmut           ####....     3%          2    None
 Confuse                  Hex            #####...     3%          3    None
 Portal Projectile        Hex/Tloc       #####.       3%          3    None
 Tukima's Dance           Hex            #####...     3%          3    None
 Sting                    Conj/Pois      ###.         4%          1    None
 Ensorcelled Hibernation  Hex/Ice        ####..       4%          2    None
 Gell's Gravitas          Tloc           ####......   4%          3    None
 Lesser Beckoning         Tloc           ####......   4%          3    None
 Magic Dart               Conj           ###.         5%          1    None
 Flame Tongue             Conj/Fire      ###..        7%          1    None
 Dazzling Spray           Conj/Hex       ####..       7%          3    None
 Summon Ice Beast         Ice/Summ       #####...     7%          4    None
 Sandblast                Erth           ##....       9%          1    None
 Searing Ray              Conj           ###...       9%          2    None
 Inner Flame              Hex/Fire       ####....     9%          3    None
 Spider Form              Tmut/Pois      ####......   9%          3    None
 Throw Flame              Conj/Fire      ###...       10%         2    None
 Cause Fear               Hex            #####.....   11%         4    None
 Conjure Flame            Conj/Fire      ###.....     21%         3    None
 Stone Arrow              Conj/Erth      ###...       21%         3    None
 Fulminant Prism          Conj/Hex       ####......   24%         4    None
 Force Lance              Conj/Tloc      ####....     28%         4    None
 Leda's Liquefaction      Hex/Erth       ####......   28%         4    None
 Olgreb's Toxic Radiance  Pois           ###.....     34%         4    None
 Ice Form                 Ice/Tmut       ###.....     41%         4    None
 Petrify                  Tmut/Erth      ###.....     41%         4    None
 Iskenderun's Battlesphe  Conj/Chrm      ####....     41%         5    ###....
 Yara's Violent Unravell  Hex/Tmut       ####......   41%         5    ###....
 Monstrous Menagerie      Summ           ######....   45%         7    ######.
 Summon Greater Demon     Summ           ######....   45%         7    ######.
 Iskenderun's Mystic Bla  Conj           ###.....     47%         4    None
 Sticky Flame             Conj/Fire      ###.....     54%         4    None
 Blade Hands              Tmut           ####......   54%         5    ###....
 Borgnjor's Vile Clutch   Necr/Erth      ####......   54%         5    ###....
 Alistair's Intoxication  Tmut/Pois      ####....     63%         5    ###....
 Metabolic Englaciation   Hex/Ice        ####......   63%         5    ###....
 Venom Bolt               Conj/Pois      ###.......   77%         5    ###....
 Darkness                 Hex            #####.....   85%         6    #####..
 Invisibility             Hex            #####...     85%         6    #####..
 Haunt                    Necr/Summ      ######....   86%         7    ######.
 Fireball                 Conj/Fire      ###.......   88%         5    ###....
 Bolt of Magma            Conj/Fire/Erth ###.......   89%         5    ###....
 Lee's Rapid Deconstruct  Erth           ##........   92%         5    ###....
 Conjure Ball Lightning   Conj/Air       ####......   94%         6    #####..
 Dispersal                Tloc           ####......   94%         6    #####..
 Malign Gateway           Summ/Tloc      ######....   95%         7    ######.
 Hydra Form               Tmut           ####......   98%         6    #####..
 Summon Horrible Things   Summ           ######....   98%         8    #######
 Freezing Cloud           Conj/Ice/Air   ####......   99%         6    #####..
 Spellforged Servitor     Conj/Summ      #####.....   99%         7    ######.
 Iron Shot                Conj/Erth      ###.......   100%        6    #####..
 Orb of Destruction       Conj           ###.......   100%        7    ######.
 Ring of Flames           Chrm/Fire      ####......   100%        7    ######.
 Borgnjor's Revivificati  Necr           #####.....   100%        8    #######
 Controlled Blink         Tloc           N/A          100%        8    #######
 Death's Door             Chrm/Necr      #####.....   100%        8    #######
 Disjunction              Tloc           ####......   100%        8    #######
 Infestation              Necr           #####.....   100%        8    #######
 Necromutation            Tmut/Necr      #####.....   100%        8    #######
 Tornado                  Air            #####.....   100%        9    #######


Dungeon Overview and Level Annotations

Branches:
Dungeon (15/15)            Temple (1/1) D:5            Lair (6/6) D:10
  Swamp (4/4) Lair:2        Snake (4/4) Lair:2        Slime (5/5) Lair:6
    Orc (2/2) D:11            Elf (3/3) Orc:2        Vaults (4/5) D:14
  Crypt (0/3) Vaults:2     Depths (5/5) D:15            Zot (5/5) Depths:5
  IceCv (visited)

Altars:
Ashenzari
Cheibriados
Dithmenos
Elyvilon
Fedhas
Gozag
Hepliaklqana
Kikubaaqudgha
Makhleb
Nemelex Xobeh
Okawaru
Qazlal
Ru
Sif Muna
Trog
Uskayaw
Vehumet
Wu Jian
Xom
Yredelemnul
Zin
The Shining One
Beogh
Jiyva

Shops:
D:5 !   D:11 %   D:12 *   D:13 (   Orc:2 !::(   Snake:2 }==   Vaults:3 (

Portals:
Hell: Depths:1 Depths:2 Depths:3 Depths:4 Depths:5
Abyss: Depths:2 Depths:4
Pandemonium: Depths:3 Depths:4
Trove: Elf:2 (give 9 potions of haste)

Annotations:
D:7 1 exclusion
Elf:2 exclusion: 5 doors
Vaults:2 Xtahua
Depths:3 1 exclusion
Depths:4 2 transporters
Zot:3 3 exclusions
Zot:4 1 transporter, Mouggel's ghost, legendary GrFi


Innate Abilities, Weirdness & Mutations

You cannot wear most types of armour.
You are very stealthy in the water. (Stealth+)
You are amphibious.
You can wear up to eight rings at the same time.
You can use your tentacles to constrict eight enemies at once.
Your skin changes colour to match your surroundings (Stealth+).
Your rubbery body absorbs attacks. (AC +1, EV +1)
One of your tentacles bears a spike.
You are partially covered in yellow scales. (AC +2)


Message History

The rock shatters into small pieces. 3 orange demons and a cacodemon come into view.
You block the reaper's attack.
The orange demon moves out of view.
You block the cacodemon's attack. The cacodemon completely misses you.
You block the cacodemon's attack. The cacodemon closely misses you.
You block the orange demon's attack. x2
An Orb Guardian comes into view.
You block the cacodemon's attack. x2; The orange demon closely misses you.
The orange demon completely misses you. You block the orange demon's attack.
The orange demon completely misses you. x2
You block the orange demon's attack. x2; The orange demon misses you.
You block the orange demon's attack.
You hear a grinding noise.
There is an open door here.
A red devil and a sun demon come into view.
The sun demon shouts!
A sun demon comes into view.
The red devil moves out of view.
There is a staircase leading out of the dungeon here.
You have escaped!

################....)...#
#
#.......#......#.########
# #.......#......#.# #
#.......'......#.# #
#...########4..#.# #
#...#...#..442...# #
#...#...'.X#...#.# #
#...#...##'#.'##'###
#'####'###@2...#...#
#...#....#.#...#...#
#...#....'.....#...#
#...#....#.....#...#
#...#..3.#.....#...#
#...##.#########...#
#....23..#.........#
#........'.........#
#........#.........#


You could see a cacodemon, an Orb Guardian, a balrug, 2 sun demons and an orange
demon.

Vanquished Creatures
  the Royal Jelly (Slime:5)
  4 orbs of fire (Zot:5)
  Mara (Vaults:2)
  Mennas (Depths:4)
  3 ancient liches (Zot:5)
  3 Killer Klowns (Zot:5)
  Bai Suzhen (Depths:1)
  Vashnia (Snake:3)
  Margery (Vaults:4)
  Saint Roka (Snake:3)
  A curse toe (Zot:3)
  5 golden dragons
  Nikola (Snake:4)
  A bone dragon (Swamp:4)
  A hellephant (Zig:4)
  An electric golem (Zot:5)
  Rupert (Lair:5)
  3 liches
  6 tentacled monstrosities
  17 Orb Guardians (Zot:5)
  4 deep elf blademasters
  Asterion (Depths:1)
  2 deep elf master archers (Elf:3)
  13 acid blobs
  A titan (Depths:5)
  Frances (Snake:2)
  2 pandemonium lords
  4 sphinxes
  3 quicksilver dragons (Zot:4)
  5 death cobs
  Gastronok (Lair:1)
  Kirke (Lair:5)
  5 shadow dragons
  3 tengu reavers
  Agnes (D:15)
  A thorn hunter (Swamp:1)
  12 azure jellies
  2 draconian monks
  4 storm dragons
  A cacodemon (Zot:3)
  A draconian knight (Zot:5)
  12 nagarajas
  9 deep elf sorcerers
  An iron dragon (Depths:4)
  2 ghost moths (Zot:3)
  3 orc warlords
  7 fire giants
  11 frost giants
  7 vault wardens
  Aizul (Snake:1)
  A draconian scorcher (Zot:4)
  5 deep elf elementalists
  2 curse skulls (Zot:3)
  A draconian shifter (Depths:5)
  A draconian stormcaller (Zot:4)
  2 spriggan defenders (Depths:4)
  16 stone giants
  6 ironheart preservers
  A draconian annihilator (Zot:4)
  26 very ugly things
  2 reapers
  4 black draconians
  5 deep elf demonologists (Elf:3)
  5 vampire knights
  5 deep elf annihilators
  9 green draconians
  3 yellow draconians
  5 red draconians
  3 purple draconians
  4 large abominations
  11 deep elf death magi
  6 white draconians
  2 death oozes
  11 ettins
  A green death (D:1)
  6 deep elf high priests (Elf:3)
  10 fire dragons
  14 yaktaur captains
  14 ogre magi
  9 great orbs of eyes
  2 vault guards (Vaults:4)
  Fannar (Lair:3)
  9 rakshasas
  2 shambling mangroves
  16 hydras
  A hell beast (Zot:3)
  8 ghost crabs
  26 naga warriors
  4 centaur warriors
  17 anacondas
  6 ice dragons
  A catoblepas (Lair:5)
  2 death knights
  48 two-headed ogres
  15 alligators
  26 dancing weapons
  8 deep troll earth magi
  12 deep troll shamans
  3 spriggan air magi
  7 death yaks
  7 tengu warriors
  18 naga sharpshooters
  The ghost of Dasij the Grappler, a journeyman VSMo of Elyvilon (Lair:2)
  Urug (Orc:2)
  5 shock serpents
  4 spriggan berserkers
  5 orc high priests
  16 deep elf knights
  22 hell knights
  2 titan skeletons
  2 iron trolls
  A storm dragon zombie (Vaults:4)
  A skeletal warrior (Vaults:3)
  5 sixfirhies
  3 soul eaters
  7 salamander mystics
  A sea snake (shapeshifter) (Depths:3)
  A storm dragon skeleton (Depths:3)
  22 deep trolls
  7 unseen horrors
  2 spectral hydras (Swamp:4)
  7 glowing orange brains
  2 shadow demons
  The ghost of Ryzelo the Zephyrmancer, a novice DrAE of Sif Muna (D:8)
  4 flayed ghosts
  2 lindwurms (Depths:4)
  9 spriggan druids
  3 wizards
  10 naga ritualists
  2 swamp dragons
  2 gelid demonspawn
  6 phantasmal warriors
  12 deep elf archers
  6 orc knights
  A tengu zombie (Vaults:4)
  9 ironbrand convokers
  A harpy (shapeshifter) (Vaults:4)
  6 harpies (Vaults:4)
  5 wolf spiders
  10 mana vipers
  58 deep elf magi
  24 ugly things
  12 necromancers
  4 cyclopes
  A stone giant zombie (Vaults:3)
  4 orc sorcerers
  15 salamanders
  A sphinx skeleton (Vaults:3)
  4 oklob plants (Zot:3)
  An iron dragon skeleton (Depths:1)
  10 guardian serpents
  17 moths of wrath
  2 ice statues (IceCv)
  5 apocalypse crabs (Swamp:1)
  20 naga magi
  7 vault sentinels
  A frost giant skeleton (Depths:3)
  A torpor snail (Lair:3)
  47 black mambas
  A water nymph (D:14)
  4 orange demons
  2 smoke demons (Depths:3)
  5 eyes of devastation
  16 spiny frogs
  The ghost of Susanna the Carver, a novice MfGl of Wu Jian (D:6)
  A komodo dragon (shapeshifter) (Vaults:2)
  4 komodo dragons
  4 freezing wraiths
  6 swamp worm zombies (Swamp:4)
  4 kobold demonologists
  13 ice devils
  An efreet (D:14)
  37 yaktaurs
  2 rime drakes (Lair:6)
  A spark wasp simulacrum (Depths:3)
  2 spriggan skeletons (Depths:1)
  5 tengu conjurers
  3 tormentors
  4 hellwings
  10 tyrant leeches
  11 trolls
  9 hornets
  4 hydra zombies (Swamp:4)
  4 polar bears
  66 slime creatures
  A hippogriff (shapeshifter) (Depths:2)
  8 blink frogs
  A snapping turtle (shapeshifter) (Depths:2)
  A spriggan zombie (Depths:1)
  7 dream sheep (Lair:4)
  A spectral swamp dragon (Swamp:4)
  8 bog bodies
  2 alligator zombies (Swamp:4)
  An ice dragon zombie (Depths:1)
  5 hippogriffs
  20 yaks
  A stone giant simulacrum (Vaults:4)
  2 water elementals
  2 ynoxinuls
  2 air elementals
  3 shadows
  An elf skeleton (Depths:3)
  A redback (shapeshifter) (Elf:1)
  10 spriggans
  The ghost of seandewar5 the Skirmisher, an amateur MiBe of Trog (D:4)
  7 wraiths
  A redback (Lair:6)
  3 vampires (Vaults:2)
  A hog (shapeshifter) (Vaults:4)
  6 basilisks
  A golden eye (shapeshifter) (D:13)
  11 wyverns
  A fire elemental (Elf:2)
  3 hogs (D:8)
  A human (D:8)
  6 chaos spawn
  3 golden eyes
  A human (shapeshifter) (D:15)
  Grum (D:8)
  18 vampire mosquitoes
  3 acid dragons
  70 nagas
  9 wargs
  24 insubstantial wisps
  14 swamp worms
  36 orc warriors
  20 water moccasins
  Duvessa (D:4)
  9 porcupines
  3 black bears
  A sky beast (D:6)
  A floating eye (Depths:2)
  7 swamp drakes
  A black bear (shapeshifter) (Vaults:4)
  8 necrophages
  2 ice beasts
  A swamp drake (shapeshifter) (Vaults:4)
  10 phantoms
  17 wolves
  6 eyes of draining
  38 ogres
  4 boggarts (Depths:4)
  7 centaurs
  3 swamp dragon zombies (Swamp:4)
  8 crocodiles
  5 big kobolds
  A bullfrog (shapeshifter) (Depths:3)
  An earth elemental (Elf:1)
  17 bullfrogs
  Dowan (D:4)
  A glowing shapeshifter simulacrum (Vaults:3)
  4 small abominations
  4 scorpions
  A wyvern skeleton (D:14)
  9 wights
  2 electric eels (Lair:5)
  9 howler monkeys
  11 crimson imps
  2 quasits (Depths:4)
  4 bullfrog zombies
  3 centaur zombies
  4 hounds
  9 jellies
  33 orc priests
  2 bullfrog skeletons
  2 centaur skeletons
  An iguana (D:12)
  29 orc wizards
  4 spectral swamp drakes (Swamp:4)
  2 lightning spires (Zot:3)
  11 worker ants
  A killer bee zombie (D:7)
  A hound zombie (D:6)
  A worker ant zombie (D:5)
  10 gnolls
  A howler monkey skeleton (D:6)
  13 adders
  A swamp drake zombie (Swamp:4)
  3 shadow imps
  11 white imps
  7 ufetubi
  2 oozes
  An adder skeleton (D:5)
  An adder zombie (D:7)
  A worm (D:3)
  2 dart slugs
  5 leopard geckos
  98 orcs
  3 ball pythons
  6 giant cockroaches
  11 goblins
  7 hobgoblins
  11 jackals
  16 kobolds
  5 quokkas
  7 bats
  7 frilled lizards
  A quokka skeleton (D:4)
  6 rats
2120 creatures vanquished.

Vanquished Creatures (collateral kills)
  A tentacled monstrosity (Zot:4)
  4 Orb Guardians (Zot:5)
  2 acid blobs (Slime:5)
  2 liches
  A shadow dragon (Zot:5)
  An iron dragon (Depths:4)
  A draconian scorcher (Zot:5)
  2 stone giants
  A very ugly thing (Depths:1)
  A yellow draconian (Depths:5)
  An ettin (Depths:1)
  Snorg (Lair:5)
  2 great orbs of eyes
  An ice dragon (Depths:5)
  A hydra (Lair:4)
  A centaur warrior (Depths:2)
  An alligator (Swamp:2)
  A two-headed ogre (D:15)
  A spriggan air mage (Depths:2)
  A deep troll earth mage (Depths:4)
  An anaconda (Snake:2)
  A shock serpent (Snake:4)
  A deep elf knight (D:15)
  2 hell knights (Depths:3)
  A spriggan druid (Zig:4)
  A deep troll (Depths:5)
  A phantasmal warrior (Depths:4)
  An ugly thing (Depths:1)
  A mana viper (Snake:4)
  An oklob plant (Lair:2)
  2 shining eyes
  An orc sorcerer (Depths:1)
  A cyclops (D:15)
  9 slime creatures
  A black mamba (Snake:1)
  3 guardian serpents
  4 spiny frogs
  A naga mage (Depths:4)
  An eye of devastation (Slime:2)
  3 yaktaurs (Depths:5)
  2 komodo dragons
  3 blink frogs
  A spriggan (Depths:2)
  A redback (Lair:6)
  A wyvern (Lair:6)
  5 golden eyes
  A yak (D:10)
  A basilisk (Lair:1)
  A swamp worm (Swamp:1)
  A vampire mosquito (Swamp:1)
  4 nagas
  A warg (Depths:1)
  A floating eye (Slime:3)
  A swamp drake (Swamp:1)
  3 water moccasins
  2 orc warriors (D:11)
  4 ogres
  A wolf (Lair:3)
  2 bullfrogs
  A small abomination (Depths:2)
  2 orc priests (Orc:2)
  8 orcs
  A ball python (Depths:4)
  2 bushes
  2 butterflies (Lair:4)
  A fungus (Lair:3)
  2 plants
119 creatures vanquished.

Vanquished Creatures (others)
  An electric golem (Zot:2)
  An Orb Guardian (Zot:5)
  Donald (Slime:2)
  A draconian scorcher (Zot:2)
  A draconian shifter (Zot:4)
  A reaper (IceCv)
  A vampire knight (Depths:3)
  A red draconian (Zot:2)
  A yaktaur captain (Depths:1)
  A hydra (Swamp:1)
  A deep troll earth mage (Depths:5)
  2 naga sharpshooters
  A deep troll (Vaults:4)
  2 deep elf archers
  A deep elf mage (Elf:2)
  A moth of wrath (Zot:2)
  15 yaktaurs
  A hippogriff (Lair:5)
  6 humans (Lair:5)
  An insubstantial wisp (Swamp:4)
  A naga (Snake:4)
  An ogre (Vaults:3)
  An eye of draining (Slime:2)
  A big kobold (D:15)
  2 white imps (IceCv)
  3 ufetubi (IceCv)
  2 kobolds (D:12)
  11 bushes (Depths:2)
  19 fungi
  25 plants
  A withered plant (D:4)
108 creatures vanquished.

Grand Total: 2347 creatures vanquished

Notes
Turn   | Place    | Note
-------+----------+-------------------------------------------
     0 | D:1      | iamserjio the Octopode Monk began the quest for the Orb.
     0 | D:1      | Reached XP level 1. HP: 16/16 MP: 1/1
   148 | D:1      | Reached XP level 2. HP: 21/21 MP: 2/2
   733 | D:1      | Reached XP level 3. HP: 27/27 MP: 3/3
  1091 | D:2      | Reached skill level 4 in Fighting
  1107 | D:2      | Found a white marble altar of Elyvilon.
  1716 | D:3      | Reached XP level 4. HP: 34/34 MP: 4/4
  2234 | D:3      | Found a snail-covered altar of Cheibriados.
  2234 | D:3      | Found a burning altar of Makhleb.
  2876 | D:4      | Noticed Duvessa
  2876 | D:4      | Noticed Dowan
  2992 | D:4      | Reached skill level 5 in Fighting
  2992 | D:4      | Reached XP level 5. HP: 23/39 MP: 5/5
  3163 | D:4      | Found a runed translucent door.
  3164 | D:4      | Noticed seandewar5's ghost (amateur MiBe)
  3190 | D:4      | Killed Duvessa
  3190 | D:4      | Reached XP level 6. HP: 27/46 MP: 6/6
  3198 | D:4      | Killed Dowan
  3198 | D:4      | Reached skill level 6 in Fighting
  3616 | D:5      | Entered Level 5 of the Dungeon
  3630 | D:5      | Found a staircase to the Ecumenical Temple.
  3639 | Temple   | Entered the Ecumenical Temple
  3734 | Temple   | Became a worshipper of Warmaster Okawaru
  3734 | Temple   | Reached * piety under Okawaru
  3734 | Temple   | Reached ** piety under Okawaru
  4017 | D:5      | Noticed a phantom
  4032 | D:5      | Reached skill level 1 in Invocations
  4032 | D:5      | Reached XP level 7. HP: 53/53 MP: 4/7
  4035 | D:5      | Reached skill level 5 in Dodging
  4124 | D:5      | Reached skill level 7 in Fighting
  4546 | D:5      | Reached XP level 8. HP: 45/60 MP: 10/10
  4718 | D:5      | Found Cemetwer's Distillery.
  4750 | D:5      | Bought a potion of heal wounds for 70 gold pieces
  4750 | D:5      | Bought a potion of lignification for 42 gold pieces
  5619 | D:6      | Reached skill level 8 in Fighting
  5951 | D:6      | Got a faintly glowing whip
  5952 | D:6      | Identified the +8 whip "Tamiqyr" {freeze, rElec MP-9 Int+7}
                  | (You found it on level 6 of the Dungeon)
  6137 | D:6      | Found a runed translucent door.
  6137 | D:6      | Noticed Susanna's ghost (novice MfGl)
  6214 | D:6      | Found a runed translucent door.
  6694 | D:5      | Bought a potion of invisibility for 112 gold pieces
  6816 | D:7      | Reached XP level 9. HP: 55/67 MP: 3/12
  6886 | D:7      | Reached skill level 9 in Fighting
  6904 | D:7      | Reached *** piety under Okawaru
  7067 | D:7      | Reached skill level 5 in Invocations
  7078 | D:7      | Learned a level 1 spell: Animate Skeleton
  7080 | D:7      | Learned a level 1 spell: Confusing Touch
  7082 | D:7      | Learned a level 1 spell: Apportation
  7084 | D:7      | Learned a level 1 spell: Summon Small Mammal
  7103 | D:7      | Found a basalt altar of Yredelemnul.
  7295 | D:7      | Reached skill level 1 in Hexes
  7323 | D:7      | Noticed a cyclops
  7547 | D:5      | Bought a potion of curing for 42 gold pieces
  7547 | D:5      | Bought a potion of curing for 42 gold pieces
  7710 | D:8      | Found a stormy altar of Qazlal.
  7731 | D:8      | Noticed Grum
  8193 | D:8      | Reached skill level 1 in Necromancy
  8286 | D:8      | Reached skill level 1 in Spellcasting
  8335 | D:8      | Killed Grum
  8720 | D:8      | Found a runed translucent gate.
  8720 | D:8      | Found a runed translucent gate.
  8720 | D:8      | Found a runed translucent gate.
  8722 | D:8      | Noticed Ryzelo's ghost (novice DrAE)
  8829 | D:8      | Reached **** piety under Okawaru
  9000 | D:8      | Learned a level 3 spell: Mephitic Cloud
  9114 | D:9      | Found a bloodstained altar of Trog.
  9126 | D:9      | Identified the ring "Okof" {+Inv rElec MP+9 Str-2 Dex+4}
  9139 | D:9      | Reached skill level 1 in Poison Magic
  9214 | D:9      | Reached skill level 1 in Air Magic
  9282 | D:9      | Reached XP level 10. HP: 69/76 MP: 2/13
  9399 | D:9      | Reached skill level 10 in Fighting
  9399 | D:9      | Reached skill level 1 in Conjurations
  9574 | D:9      | Reached skill level 1 in Shields
  9922 | D:9      | Learned a level 2 spell: Blink
  9964 | D:10     | Entered Level 10 of the Dungeon
 10227 | D:10     | Found an opulent altar of Gozag.
 10256 | D:10     | Reached skill level 1 in Translocations
 10435 | D:10     | Found a staircase to the Lair.
 10509 | D:10     | Reached skill level 1 in Evocations
 10859 | D:7      | Found a shimmering altar of Xom.
 11252 | D:7      | Killed a cyclops
 11252 | D:7      | Reached ***** piety under Okawaru
 11386 | D:11     | Found a sacrificial altar of Ru.
 11494 | D:11     | Found Vohos's Food Shoppe.
 11613 | D:11     | Noticed a two-headed ogre
 11622 | D:11     | Killed a two-headed ogre
 11820 | D:11     | Found a roughly hewn altar of Beogh.
 11820 | D:11     | Found a staircase to the Orcish Mines.
 12770 | D:5      | Bought a potion of mutation for 112 gold pieces
 12770 | D:5      | Bought 2 potions of lignification for 84 gold pieces
 12807 | D:4      | Killed seandewar5's ghost
 12916 | D:6      | Reached skill level 1 in Maces & Flails
 12930 | D:6      | Killed Susanna's ghost
 12930 | D:6      | Received a gift from Okawaru
 12930 | D:6      | Reached XP level 11. HP: 61/82 MP: 16/16
 12934 | D:6      | Got a scorched short sword {god gift}
 12938 | D:6      | Identified the +1 short sword "Mad Mieb" {flame, rPois
                  | Int+2} (Okawaru gifted it to you on level 6 of the Dungeon)
 13035 | D:6      | Learned a level 2 spell: Slow
 13180 | Lair:1   | Entered Level 1 of the Lair of Beasts
 13373 | D:8      | Reached ****** piety under Okawaru
 13757 | Lair:1   | Reached skill level 5 in Evocations
 13816 | D:10     | Reached skill level 5 in Maces & Flails
 14445 | Lair:1   | Noticed an eight-headed hydra
 14451 | Lair:1   | Killed an eight-headed hydra
 14451 | Lair:1   | Received a gift from Okawaru
 14498 | Lair:1   | Noticed Gastronok
 14517 | Lair:1   | Killed Gastronok
 14517 | Lair:1   | Received a gift from Okawaru
 14590 | Lair:1   | Noticed a five-headed hydra
 14598 | Lair:1   | Killed a five-headed hydra
 15124 | Lair:2   | Found a runed translucent gate.
 15124 | Lair:2   | Found a runed translucent gate.
 15124 | Lair:2   | Found a runed translucent gate.
 15124 | Lair:2   | Noticed a death ooze
 15125 | Lair:2   | Noticed Dasij's ghost (journeyman VSMo)
 15266 | Lair:2   | Reached XP level 12. HP: 88/88 MP: 17/17
 15709 | Lair:2   | Found a staircase to the Snake Pit.
 15746 | Lair:2   | Received a gift from Okawaru
 15975 | Lair:2   | Learned a level 2 spell: Passwall
 15978 | Lair:2   | Learned a level 2 spell: Sticks to Snakes
 16070 | Lair:2   | Found a staircase to the Swamp.
 16292 | Lair:2   | Found a viscous altar of Jiyva.
 16363 | Lair:3   | Reached skill level 11 in Fighting
 16379 | Lair:3   | Reached skill level 1 in Transmutations
 16481 | Lair:3   | Noticed a death yak
 16692 | Lair:2   | Killed a death yak
 16692 | Lair:2   | Reached skill level 10 in Dodging
 16931 | Lair:3   | Noticed Fannar
 16948 | Lair:3   | Killed Fannar
 16948 | Lair:3   | Received a gift from Okawaru
 17651 | Lair:3   | Noticed a seven-headed hydra
 17663 | Lair:3   | Killed a seven-headed hydra
 17843 | Lair:4   | Noticed a four-headed hydra
 17843 | Lair:4   | Noticed an eight-headed hydra
 17914 | Lair:4   | Noticed an eight-headed hydra
 17948 | Lair:4   | Killed an eight-headed hydra
 17948 | Lair:4   | Reached XP level 13. HP: 96/96 MP: 19/19
 18050 | Lair:4   | Reached skill level 12 in Fighting
 18410 | Lair:4   | Received a gift from Okawaru
 19225 | Lair:4   | Got a fine battleaxe
 19875 | Lair:5   | Noticed Kirke
 19889 | Lair:5   | Killed Kirke
 19973 | Lair:5   | Noticed Snorg
 19992 | Lair:5   | Found a frozen archway.
 20013 | IceCv    | Entered an ice cave
 20139 | IceCv    | Killed a reaper
 20393 | IceCv    | Reached skill level 13 in Fighting
 21951 | Lair:5   | Noticed Rupert
 21961 | Lair:5   | Paralysed by Rupert for 7 turns
 21976 | Lair:5   | Killed Rupert
 22314 | Lair:5   | Received a gift from Okawaru
 22314 | Lair:5   | Reached XP level 14. HP: 106/106 MP: 20/20
 22333 | Lair:5   | Killed Snorg
 22562 | Lair:5   | Reached skill level 5 in Shields
 22991 | Lair:4   | Reached skill level 14 in Fighting
 23302 | Lair:6   | Entered Level 6 of the Lair of Beasts
 24207 | Lair:6   | Reached skill level 10 in Evocations
 24842 | Lair:6   | Found a staircase to the Slime Pits.
 25209 | D:8      | Killed Ryzelo's ghost
 25643 | D:12     | Found Sodde's Assorted Antiques.
 25653 | D:12     | Bought a bronze ring for 165 gold pieces
 25653 | D:12     | Bought a scroll labeled EMECUT DEPAPEA for 33 gold pieces
 25653 | D:12     | Bought a scroll labeled LIL ACUZXICK for 33 gold pieces
 25941 | D:12     | Reached skill level 15 in Fighting
 26406 | D:12     | Received a gift from Okawaru
 26792 | D:13     | Found Plog's Weapon Shoppe.
 27387 | D:14     | Reached XP level 15. HP: 104/116 MP: 23/23
 27827 | D:14     | Noticed Nessos
 27828 | D:14     | Noticed Nessos
 27828 | D:14     | Nessos changed into Nessos the swamp dragon
 27829 | D:14     | Noticed Nessos
 27829 | D:14     | Nessos the swamp dragon changed into Nessos the water nymph
 27847 | D:14     | Killed Nessos the water nymph
 27973 | D:14     | You fall into a shaft and drop 1 floor!
 27973 | D:15     | Entered Level 15 of the Dungeon
 28319 | D:15     | Found a staircase to the Depths.
 28880 | D:15     | Noticed Agnes
 28895 | D:15     | Killed Agnes
 29404 | D:14     | Reached skill level 16 in Fighting
 29575 | D:14     | Paralysed by a wizard for 7 turns
 29695 | D:14     | Found a gate to the Vaults.
 29746 | D:14     | Received a gift from Okawaru
 30073 | Orc:1    | Entered Level 1 of the Orcish Mines
 30305 | Orc:2    | Entered Level 2 of the Orcish Mines
 30305 | Orc:2    | Found a staircase to the Elven Halls.
 31102 | Orc:2    | Noticed an orc warlord
 31241 | Orc:1    | Killed an orc warlord
 31785 | Orc:2    | Noticed Urug
 32709 | Orc:2    | Received a gift from Okawaru
 32718 | Orc:2    | Killed Urug
 33051 | Orc:2    | Found Houmn's Weapon Emporium.
 33051 | Orc:2    | Found Basuujog's Book Shoppe.
 33052 | Orc:2    | Found Bankoinua's Distillery.
 33055 | Orc:2    | Found Cozorui's Book Emporium.
 33060 | Orc:2    | Bought a potion of brilliance for 64 gold pieces
 33060 | Orc:2    | Bought a potion of might for 64 gold pieces
 33060 | Orc:2    | Bought a potion of heal wounds for 80 gold pieces
 33060 | Orc:2    | Bought a potion of heal wounds for 80 gold pieces
 33716 | Lair:2   | Killed Dasij's ghost
 34014 | Elf:1    | Entered Level 1 of the Elven Halls
 34097 | Elf:1    | Reached skill level 1 in Summonings
 34131 | Elf:1    | Reached XP level 16. HP: 124/124 MP: 25/25
 35530 | Elf:2    | Found a flickering gateway to a bazaar.
 35536 | Bazaar   | Entered a bazaar
 35540 | Bazaar   | Found Ziti's General Store.
 35557 | Bazaar   | Found Huihatou's Distillery.
 35568 | Bazaar   | Found Pasef's Jewellery Shoppe.
 35573 | Bazaar   | Bought an uncursed ring of protection from cold for 275
                  | gold pieces
 35593 | Bazaar   | Found Anuvute's Distillery.
 35721 | Bazaar   | Bought a potion of heal wounds for 90 gold pieces
 35721 | Bazaar   | Bought 2 potions of heal wounds for 180 gold pieces
 35721 | Bazaar   | Bought a potion of lignification for 54 gold pieces
 35721 | Bazaar   | Bought a potion of might for 72 gold pieces
 35721 | Bazaar   | Bought a potion of cancellation for 144 gold pieces
 35730 | Bazaar   | Bought a cursed ring of positive energy for 187 gold pieces
 35732 | Bazaar   | Bought an uncursed ring of poison resistance for 220 gold
                  | pieces
 35756 | Bazaar   | Bought a potion of lignification for 45 gold pieces
 35756 | Bazaar   | Bought a potion of curing for 45 gold pieces
 35933 | Elf:2    | Reached skill level 17 in Fighting
 35939 | Elf:2    | Received a gift from Okawaru
 36005 | Elf:2    | Reached skill level 5 in Air Magic
 36031 | Elf:2    | Reached skill level 5 in Spellcasting
 36103 | Elf:2    | Received a gift from Okawaru
 36582 | Elf:2    | Found a huge runed translucent gate.
 36583 | Elf:2    | Found a huge runed translucent gate.
 36584 | Elf:2    | Found a huge runed translucent gate.
 36650 | Elf:2    | Found a huge runed translucent gate.
 36651 | Elf:2    | Found a huge runed translucent gate.
 36999 | Elf:2    | Found a portal to a secret trove of treasure.
 37454 | Elf:2    | Reached skill level 10 in Shields
 37769 | Elf:2    | Reached XP level 17. HP: 126/132 MP: 26/26
 37880 | Elf:3    | Entered Level 3 of the Elven Halls
 38679 | Elf:3    | Received a gift from Okawaru
 40098 | Elf:3    | Reached skill level 10 in Maces & Flails
 40105 | Elf:3    | Reached skill level 18 in Fighting
 40671 | Elf:3    | Identified the cursed +1 quarterstaff of the Fray {freeze,
                  | rN+ MP-9 Str+4 Int+2}
 40672 | Elf:3    | Noticed a deep elf master archer
 40774 | Elf:3    | Killed a deep elf master archer
 40881 | Elf:3    | Noticed a deep elf blademaster
 41130 | Elf:2    | Killed a deep elf blademaster
 41130 | Elf:2    | Received a gift from Okawaru
 41322 | Elf:3    | Noticed a deep elf master archer
 41327 | Elf:3    | Noticed a deep elf blademaster
 41483 | Elf:3    | Killed a deep elf blademaster
 41578 | Elf:3    | Reached XP level 18. HP: 134/142 MP: 29/29
 41579 | Elf:3    | Identified the ring "Kokh" {Int+4 Slay+5 SInv Stlth+}
 41580 | Elf:3    | Noticed a deep elf blademaster
 41580 | Elf:3    | Identified the +4 ring mail of Baldness {rPois MP+9 Int-2}
 41580 | Elf:3    | Noticed a deep elf blademaster
 42039 | Elf:3    | Killed a deep elf blademaster
 42402 | Elf:3    | Killed a deep elf blademaster
 42408 | Elf:3    | Killed a deep elf master archer
 42510 | Elf:3    | Reached skill level 19 in Fighting
 44548 | Swamp:1  | Entered Level 1 of the Swamp
 44637 | Swamp:1  | Received a gift from Okawaru
 44846 | Swamp:1  | Found a sparkling altar of Nemelex Xobeh.
 46648 | Swamp:1  | Found a runed translucent door.
 47895 | Swamp:1  | Received a gift from Okawaru
 47905 | Swamp:1  | Got a slimy large shield {god gift}
 47917 | Swamp:1  | Identified the +8 large shield of the Eternal Fruit {rElec
                  | rCorr Slay-3} (Okawaru gifted it to you on level 1 of the
                  | Swamp)
 48060 | Swamp:1  | Got a twitching ruby amulet
 48061 | Swamp:1  | Identified the amulet of Kyeleew {RegenMP Int+3} (You found
                  | it on level 1 of the Swamp)
 48334 | Swamp:3  | Identified the ring of Lugonu's Anger {Int+4 Slay+2} (You
                  | found it on level 3 of the Swamp)
 48665 | Swamp:3  | Reached skill level 20 in Fighting
 48790 | Swamp:3  | Reached XP level 19. HP: 151/152 MP: 31/31
 49087 | Swamp:4  | Entered Level 4 of the Swamp
 50816 | Swamp:4  | Noticed a bone dragon
 50838 | Swamp:4  | Killed a bone dragon
 51274 | Swamp:4  | Got a decaying rune of Zot
 51502 | Snake:1  | Entered Level 1 of the Snake Pit
 51506 | Snake:1  | Noticed Aizul
 52047 | Snake:1  | Killed Aizul
 52279 | Snake:1  | Received a gift from Okawaru
 52941 | Snake:2  | Noticed Frances
 52967 | Snake:2  | Killed Frances
 52967 | Snake:2  | Reached skill level 21 in Fighting
 53022 | Snake:2  | Received a gift from Okawaru
 53268 | Snake:2  | Found Guttetir's Jewellery Shoppe.
 53269 | Snake:2  | Found Biups's Gadget Boutique.
 53271 | Snake:2  | Found Nywn's Jewellery Shoppe.
 53393 | Snake:2  | Bought a +4 ring of evasion for 468 gold pieces
 53769 | Snake:2  | Found a snail-covered altar of Cheibriados.
 54369 | Snake:3  | Reached XP level 20. HP: 148/162 MP: 32/32
 54373 | Snake:3  | Noticed Saint Roka
 54399 | Snake:3  | Killed Saint Roka
 54836 | Snake:3  | Noticed Vashnia
 54873 | Snake:3  | Killed Vashnia
 55415 | Snake:3  | Found an iron altar of Okawaru.
 55611 | Snake:4  | Entered Level 4 of the Snake Pit
 55645 | Snake:4  | Reached skill level 22 in Fighting
 55740 | Snake:4  | Received a gift from Okawaru
 55764 | Snake:4  | Noticed Nikola
 55780 | Snake:4  | Killed Nikola
 56610 | Snake:4  | Reached skill level 15 in Dodging
 58482 | Snake:4  | Got a serpentine rune of Zot
 58596 | Snake:4  | Learned a level 4 spell: Summon Lightning Spire
 58602 | Snake:4  | Learned a level 5 spell: Silence
 58609 | Snake:4  | Learned a level 6 spell: Deflect Missiles
 58810 | Vaults:1 | Entered Level 1 of the Vaults
 58922 | Vaults:1 | Reached XP level 21. HP: 170/170 MP: 33/33
 58986 | Vaults:1 | Reached skill level 5 in Summonings
 60363 | Vaults:2 | Noticed Mara
 60386 | Vaults:2 | Killed Mara
 61280 | Vaults:2 | Found a staircase to the Crypt.
 61535 | Vaults:2 | Noticed Xtahua
 62199 | Snake:2  | Identified the -1 buckler of the Blizzard {rCorr} (Okawaru
                  | gifted it to you on level 2 of the Snake Pit)
 62895 | Vaults:3 | Found Joguog's Antique Weapon Emporium.
 63115 | Vaults:3 | Received a gift from Okawaru
 63146 | Vaults:3 | Reached skill level 10 in Summonings
 63360 | Vaults:3 | Identified the Catalogue of the Postmodern Cities
 63405 | Vaults:3 | Identified the +0 hat "Filua" {-Tele rN++ Str+4 Int+3}
                  | (Okawaru gifted it to you on level 3 of the Vaults)
 64068 | Vaults:3 | Identified a scroll of acquirement
 64069 | Vaults:3 | Identified the ring "Teuptiv" {rElec rF- MR+ Dex+3} (You
                  | acquired it on level 3 of the Vaults)
 64543 | Vaults:4 | Reached XP level 22. HP: 155/176 MP: 34/34
 65374 | Vaults:4 | Reached skill level 1 in Charms
 65398 | Vaults:4 | Received a gift from Okawaru
 65955 | Vaults:4 | Noticed Margery
 65968 | Vaults:4 | Killed Margery
 66118 | Vaults:4 | Received a gift from Okawaru
 66118 | Vaults:4 | Reached skill level 5 in Charms
 66635 | Orc:2    | Bought a book of Necromancy for 390 gold pieces
 66635 | Orc:2    | Bought a book of Dreams for 975 gold pieces
 66639 | Orc:2    | Learned a level 3 spell: Regeneration
 66646 | Orc:2    | Learned a level 6 spell: Shadow Creatures
 67031 | Depths:1 | Entered Level 1 of the Depths
 67034 | Depths:1 | Noticed Bai Suzhen
 67056 | Depths:1 | Killed Bai Suzhen
 67539 | D:7      | Learned a level 4 spell: Animate Dead
 67795 | Depths:1 | Received a gift from Okawaru
 67846 | Depths:1 | Reached XP level 23. HP: 168/182 MP: 31/36
 67864 | Depths:1 | Found a gateway to Hell.
 67931 | Depths:1 | Noticed Asterion
 68188 | Depths:1 | Reached skill level 5 in Necromancy
 68387 | Depths:1 | Killed Asterion
 69530 | Depths:2 | Reached skill level 10 in Spellcasting
 69780 | Depths:2 | Identified the ring "Xejuhana" {*Tele rN+} (You found it on
                  | level 2 of the Depths)
 70001 | Depths:1 | Received a gift from Okawaru
 70380 | Depths:2 | Found a glowing golden altar of the Shining One.
 70484 | Depths:2 | Found a one-way gate to the infinite horrors of the Abyss.
 70743 | Depths:2 | Reached skill level 15 in Evocations
 71128 | Depths:2 | Received a gift from Okawaru
 71249 | Depths:2 | Reached skill level 5 in Hexes
 71961 | Depths:3 | Reached XP level 24. HP: 189/189 MP: 37/37
 73310 | Snake:2  | Bought an uncursed ring of protection from fire for 325
                  | gold pieces
 73499 | Depths:3 | Found a gateway to a ziggurat.
 74434 | Depths:3 | Found a one-way gate leading to the halls of Pandemonium.
 74728 | Depths:3 | Received a gift from Okawaru
 74822 | Depths:3 | Identified the +0 large shield "Tupsar" {rC+ Slay+2}
                  | (Okawaru gifted it to you on level 3 of the Depths)
 75521 | Depths:4 | Noticed Mennas
 75535 | Depths:4 | Killed Mennas
 75924 | Depths:4 | Reached skill level 15 in Maces & Flails
 76705 | Depths:4 | Received a gift from Okawaru
 76766 | Depths:4 | Found a transporter.
 77062 | Depths:4 | Found a transporter.
 77439 | Depths:4 | Reached XP level 25. HP: 195/195 MP: 37/37
 77627 | Depths:5 | Entered Level 5 of the Depths
 78379 | Depths:5 | Reached skill level 5 in Stealth
 78391 | Depths:5 | Found a gate to the Realm of Zot.
 79684 | Slime:1  | Entered Level 1 of the Pits of Slime
 80005 | Slime:2  | Killed Donald
 80322 | Slime:2  | Received a gift from Okawaru
 80698 | Slime:3  | Gained mutation: You are frail. (-10% HP) [a shining eye]
 80915 | Slime:5  | Entered Level 5 of the Pits of Slime
 81740 | Slime:5  | Found a viscous altar of Jiyva.
 81740 | Slime:5  | Noticed the Royal Jelly
 81741 | Slime:5  | Found the +3 Elemental Staff {rElec rF++ rC++ MR++ AC+5}
 81779 | Slime:5  | Killed the Royal Jelly
 81779 | Slime:5  | Received a gift from Okawaru
 81779 | Slime:5  | Received a gift from Okawaru
 81952 | Slime:5  | Got a slimy quick blade {god gift}
 82032 | Slime:5  | Got a slimy rune of Zot
 82043 | Slime:5  | Identified the Handbook of Changing and Beguiling
 82052 | Slime:5  | Identified the +5 quick blade "Helusoj" {antimagic, rElec}
                  | (Okawaru gifted it to you on level 5 of the Pits of Slime)
 82465 | Orc:2    | Bought a potion of mutation for 128 gold pieces
 82465 | Orc:2    | Bought a potion of resistance for 160 gold pieces
 82465 | Orc:2    | Bought a potion of invisibility for 128 gold pieces
 82465 | Orc:2    | Bought a potion of magic for 128 gold pieces
 82666 | D:5      | Bought a potion of mutation for 112 gold pieces
 82666 | D:5      | Bought a potion of agility for 56 gold pieces
 82927 | Snake:2  | Bought a sack of spiders for 240 gold pieces
 82927 | Snake:2  | Bought a box of beasts for 240 gold pieces
 83529 | Zot:1    | Entered Level 1 of the Realm of Zot
 83625 | Zig:1    | Entered Level 1 of a ziggurat
 83639 | Zig:2    | Entered Level 2 of a ziggurat
 83656 | Zig:3    | Entered Level 3 of a ziggurat
 83656 | Zig:3    | Found the +8 demon blade "Bloodbane" {slice, *Rage +Rage
                  | Stlth-}
 83743 | Zig:4    | Entered Level 4 of a ziggurat
 83839 | Zig:4    | Identified the amulet "Pilaipsu" {Reflect rElec MP+9 Int+4
                  | Dex-2 SH+3} (You found it on level 4 of a ziggurat)
 83845 | Zig:5    | Entered Level 5 of a ziggurat
 83860 | Zig:5    | Reached XP level 26. HP: 137/180 MP: 20/37
 85320 | Zot:1    | Reached skill level 5 in Short Blades
 85722 | Zot:2    | Received a gift from Okawaru
 85724 | Zot:2    | Reached skill level 10 in Stealth
 85727 | Zot:2    | Identified the +3 shield of Purpose {rC+++ Regen+ rCorr
                  | Str-5} (Okawaru gifted it to you on level 2 of the Realm of
                  | Zot)
 88143 | Zot:4    | Noticed Mouggel's ghost (legendary GrFi)
 88156 | Zot:4    | Found a transporter.
 89043 | Zot:5    | Entered Level 5 of the Realm of Zot
 89116 | Zot:5    | Received a gift from Okawaru
 90657 | Zot:5    | Noticed an ancient lich
 90706 | Zot:5    | Noticed an ancient lich
 90729 | Zot:5    | Killed an ancient lich
 90887 | Zot:5    | Killed an ancient lich
 90887 | Zot:5    | Reached XP level 27. HP: 186/186 MP: 38/38
 90899 | Zot:5    | Noticed an orb of fire
 91104 | Zot:5    | Killed an orb of fire
 91519 | Zot:5    | Noticed an ancient lich
 91575 | Zot:5    | Received a gift from Okawaru
 91807 | Zot:5    | Noticed an orb of fire
 91819 | Zot:5    | Gained mutation: You are occasionally teleported next to
                  | monsters. [an orb of fire]
 91820 | Zot:5    | Gained mutation: You have a pair of small antennae on your
                  | head. [an orb of fire]
 91821 | Zot:5    | Gained mutation: Potions are less effective at restoring
                  | your health. [an orb of fire]
 91827 | Zot:5    | Killed an orb of fire
 91975 | Zot:5    | Killed an ancient lich
 92407 | Zot:5    | Lost mutation: You are frail. (-10% HP) [potion of
                  | mutation]
 92407 | Zot:5    | Lost mutation: You are occasionally teleported next to
                  | monsters. [potion of mutation]
 92407 | Zot:5    | Lost mutation: You have a pair of small antennae on your
                  | head. [potion of mutation]
 92407 | Zot:5    | Lost mutation: Potions are less effective at restoring your
                  | health. [potion of mutation]
 92407 | Zot:5    | Gained mutation: One of your tentacles bears a spike.
                  | [potion of mutation]
 92407 | Zot:5    | Gained mutation: You are partially covered in yellow
                  | scales. (AC +2) [potion of mutation]
 93075 | Zot:5    | Got the Orb of Zot
 93082 | Zot:5    | Noticed Pemiugi the pandemonium lord
 93094 | Zot:5    | Received a gift from Okawaru
 93100 | Zot:5    | Killed Pemiugi the pandemonium lord
 93104 | Zot:5    | Noticed an orb of fire
 93109 | Zot:5    | Noticed an orb of fire
 93111 | Zot:5    | Identified the +6 eveningstar of Alapuz {drain, rPois rC+
                  | rN+++ Str-2} (Okawaru gifted it to you on level 5 of the
                  | Realm of Zot)
 93116 | Zot:5    | Killed an orb of fire
 93127 | Zot:5    | Killed an orb of fire
 93778 | D:2      | Noticed Mifoaseb the pandemonium lord
 93784 | D:2      | Killed Mifoaseb the pandemonium lord
 93867 | D:$      | Escaped with the Orb!

Levels and vault maps discovered:
D:1:      minmay_arrival_widening_spiral_wide, layout_basic, st_stairs_1,
          minmay_indecisive_spiral
D:2:      layout_loops_cross, elyvilon_altar_5
D:3:      layout_basic, gammafunk_temple_overflow_statue, minmay_misc_feat_iff
D:4:      layout_cave_pools, gammafunk_ghost_grave, serial_column_ruins,
          column_ruins_hut, column_ruins_corridor_dead_end,
          column_ruins_open_medium, column_ruins_open_tiny_water,
          column_ruins_grid_1, column_ruins_open_small, uniq_duvessa
D:5:      layout_loops_ring, lemuel_temple_firewalk_b, serial_shops,
          nicolae_shop_behind_doors, first_ration, minmay_misc_feat_room
D:6:      layout_basic, ebering_ghost_sewer_f, minmay_checkerbox
D:7:      layout_basic, yredelemnul_altar_generic, basic_altar,
          minmay_increasing_density
D:8:      minmay_spotlight, layout_loops_ring, lemuel_coloured_pillars_altar,
          gammafunk_ghost_spectres, grunt_livestock, uniq_grum
D:9:      layout_gridville, nicolae_overflow_crystal_walls,
          minmay_misc_feat_tiny
D:10:     layout_rooms, david_lair_shrubbed, basic_altar, minmay_misc_feat_x
D:11:     layout_loops_cross, david_orc_5, basic_altar, serial_shops, shop,
          minivault_24
D:12:     layout_grid_maze, serial_shops, nicolae_shop_window_shopping
D:13:     layout_loops_cross, serial_shops, shop
D:14:     layout_cross, david_vaults_1, hangedman_decor_diamond_cutter,
          lemuel_nasty_fountain, uniq_nessos
D:15:     hangedman_depths_entry_civil_slaughter, layout_gridville,
          hangedman_abyss_or_decor_lesser_grid, uniq_agnes
Temple:   regret_index_temple_sphere_string
Lair:1:   layout_chaotic_city, uniq_gastronok
Lair:2:   layout_cave_shapes, skrybe_swamp_entry_bodies, dummy_snake_entry,
          gammafunk_ghost_ooze, minmay_lair_oklob_items
Lair:3:   layout_regular_city, uniq_fannar
Lair:4:   layout_regular_city, lemuel_fruit_fields, grunt_megastairs_3,
          infiniplex_staircase_pool_2, lemuel_fruit_fields
Lair:5:   layout_misc_corridors, portal_ice_cave_demonic_guard,
          roderic_carrion_pond, grunt_megastairs_5, serial_bayou_shore_a,
          lemuel_fruit_tree, uniq_snorg, uniq_rupert, uniq_kirke
Lair:6:   hangedman_lair_tendril_chambers, layout_cave_shapes,
          dpeg_slime_entry_corner, minmay_lair_drake_nest
Swamp:1:  gammafunk_mikee_crab_dinner, layout_basic_swamp,
          lemuel_altar_in_water, swamp_pool4, grunt_witch_cave
Swamp:2:  layout_basic_swamp, evilmike_swamp_ruin_house_6
Swamp:3:  layout_falls_marsh, evilmike_swamp_ruin_rubble_1
Swamp:4:  swamp_pestilence, layout_basic_swamp
Snake:1:  layout_rooms, nicolae_snake_shapes, uniq_aizul
Snake:2:  layout_concentric_octagons, basic_altar, grunt_megastairs_2,
          serial_bayou_shore_b, minmay_shop_grove, uniq_frances
Snake:3:  layout_misc_corridors, basic_altar, drop_trap, uniq_saint_roka,
          uniq_vashnia
Snake:4:  johnstein_snake_rune_scales, layout_basic, serial_bayou_shore_b,
          uniq_nikola
Slime:1:  layout_caves
Slime:2:  cheibrodos_slime_lost_civilization_3, layout_caves, uniq_donald
Slime:3:  layout_caves
Slime:4:  layout_caves
Slime:5
Orc:1:    layout_caves, library_closet
Orc:2:    st_orc_mages, layout_caves, uniq_urug
Elf:1:    layout_loops_cross, minivault_28
Elf:2:    layout_geoelf_diagonals, serial_shops, bzr_entry_dummy,
          nicolae_trove_entry_crossroad, guppyfry_library_mini
Elf:3:    minmay_elf_hall_four_x, layout_geoelf_grid
Vaults:1: vaults_room_stairs_pillars, hangedman_vaults_corner_blocks, v_misc_15,
          v_misc_28, vaults_dpeg_diagonal, nicolae_vaults_little_squares_5,
          layout_vaults_quadrants
Vaults:2: minmay_crypt_entry_vampire_xt, hangedman_vaults_stream, kb_rosetta,
          nicolae_vaults_shelves_hall, v_misc_26, nicolae_vaults_shelves_hall,
          nicolae_vaults_circle_grid_a, nicolae_vaults_asterisk,
          nicolae_vaults_shelves_hall, v_misc_23, v_pattern_1, v_misc_23,
          nicolae_vaults_mini_display_case, layout_vaults_omnibox, uniq_xtahua,
          uniq_mara
Vaults:3: v_misc_12, hangedman_vaults_snaps, hangedman_vaults_variations,
          v_misc_17, nicolae_vaults_network_barrier,
          nicolae_vaults_windows_and_doors_thing, nicolae_vaults_little_ls,
          vaults_dpeg_ring, ontoclasm_vaults_pinch,
          nicolae_vaults_border_crossing, layout_vaults_maze_snakey,
          serial_shops, nicolae_shop_temple_entry_statues_fountains
Vaults:4: hangedman_vaults_hard_town_square, v_misc_19, vaults_room_hallway,
          vaults_room_grunt_arrival_ludios, v_rooms_5,
          nicolae_vaults_three_branches, v_misc_8,
          ontoclasm_vaults_loading_screen, ontoclasm_vaults_shuriken,
          layout_vaults_big_room, uniq_margery
Depths:1: layout_long_grid, nicolae_lava_and_water, hell_entry,
          hangedman_decor_push, nooodl_orcs_dogs, firewood_loft,
          uniq_bai_suzhen, uniq_asterion
Depths:2: minmay_the_grid_3x2 [minmay_the_grid_slots,
          minmay_the_grid_pillar_ring, minmay_the_grid_large_cup,
          minmay_the_grid_spin_star, minmay_the_grid_medium_cups,
          minmay_the_grid_prize_inner_circle], layout_cave_shapes,
          minmay_room_of_horrors, minmay_hedge_maze, hell_entry, tso_metal_star
Depths:3: kennysheep_demon_jail, layout_twisted_cross, enter_ziggurat_a,
          rand_demon_pan_entry_8, hell_entry, minmay_misc_feat_square,
          kennysheep_generic_room_7, minmay_staircase_windowed_large
Depths:4: gammafunk_jiyva_shrine, layout_basic, hell_entry, abyss_entry,
          serial_bayou_pond_c, grunt_pan_entry_in_and_out,
          minmay_serpent_palace, uniq_mennas
Depths:5: grunt_zot_entry_tricorne, layout_long_grid,
          chequers_serial_rivers_large_a, hell_entry
Zot:1:    gammafunk_the_bubble [the_bubble_gammafunk_grid],
          layout_misc_corridors
Zot:2:    cheibrodos_zot_enchanting_chambers, layout_onion, nrook_zot_tub,
          lemuel_elevator, uniq_tiamat
Zot:3:    evilmike_crystal_ball_defense, layout_gridlike
Zot:4:    layout_cathedral_of_symmetry, gammafunk_ghost_berserking_beasts
Zot:5:    layout_basic

Skill      XL: |  1  2  3  4  5  6  7  8  9 10 11 12 13 14 15 16 17 18 19 20 21 22 23 24 25 26 27 |
---------------+----------------------------------------------------------------------------------+-----
Fighting       | 4 5 6 7 8 9 10 11 13 15 16 17 18 20 21 22 | 22.0
Dodging        | 4 5 6 7 8 11 12 13 16 17 18 19 20 21 | 21.6
Invocations    | 1 2 4 5 6 7 |  7.0
Hexes          | 3 5 |  5.0
Necromancy     | 2 4 6 |  6.0
Spellcasting   | 2 3 4 5 7 8 9 10 11 12 | 12.0
Poison Magic   | 1 2 |  2.0
Air Magic      | 1 4 5 6 7 |  7.0
Conjurations   | 1 |  1.0
Shields        | 1 4 7 9 10 | 10.0
Translocations | 3 4 |  4.0
Evocations     | 3 6 7 9 10 12 13 15 17 18 19 20 | 20.2
Maces & Flails | 2 7 8 11 12 13 15 16 | 16.0
Transmutations | 3 |  3.0
Summonings     | 1 4 11 12 | 12.0
Charms         | 6 7 |  7.0
Stealth        | 9 12 14 | 14.4
Short Blades   | 8 |  8.0

Action                   |  1- 3 |  4- 6 |  7- 9 | 10-12 | 13-15 | 16-18 | 19-21 | 22-24 | 25-27 || total
-------------------------+-------+-------+-------+-------+-------+-------+-------+-------+-------++-------
Melee: Short sword       |    65 |    76 |    77 |       |       |       |       |       |       ||   218
       Constrict         |    17 |    18 |    66 |    82 |   198 |   164 |   116 |   159 |    87 ||   907
       Tentacles         |     8 |    13 |    58 |   144 |   409 |   361 |   400 |   416 |   307 ||  2116
       Unarmed           |       |    13 |       |       |       |       |       |       |       ||    13
       Punch             |       |       |     3 |    11 |    53 |    34 |    38 |    53 |    36 ||   228
       Whip              |       |       |   161 |   231 |     4 |       |       |       |       ||   396
       Dagger            |       |       |    22 |       |       |       |       |       |       ||    22
       Falchion          |       |       |       |    52 |       |       |       |       |       ||    52
       Demon whip        |       |       |       |   227 |  1277 |   726 |       |       |       ||  2230
       Eveningstar       |       |       |       |       |       |   215 |  1334 |  1271 |   887 ||  3707
       Kick              |       |       |       |       |       |       |       |       |    56 ||    56
Throw: Stone             |       |     8 |    17 |       |       |       |       |       |       ||    25
       Dart              |       |       |       |     6 |     1 |       |       |       |       ||     7
       Throwing net      |       |       |       |       |       |       |       |       |     4 ||     4
 Cast: Animate Skeleton  |       |       |     2 |    37 |    55 |    12 |    43 |       |       ||   149
       Mephitic Cloud    |       |       |       |     5 |     9 |     7 |       |       |     1 ||    22
       Blink             |       |       |       |     4 |     1 |     3 |     3 |     2 |     1 ||    14
       Animate Dead      |       |       |       |       |       |       |       |    21 |    10 ||    31
       Deflect Missiles  |       |       |       |       |       |       |       |     1 |     2 ||     3
       Confusing Touch   |       |       |       |       |       |       |       |     1 |       ||     1
       Regeneration      |       |       |       |       |       |       |       |    11 |    28 ||    39
       Shadow Creatures  |       |       |       |       |       |       |       |     5 |    66 ||    71
       Summon Lightning  |       |       |       |       |       |       |       |     2 |     3 ||     5
       Silence           |       |       |       |       |       |       |       |       |     3 ||     3
       Passwall          |       |       |       |       |       |       |       |       |     4 ||     4
Invok: Heroism           |       |     3 |    17 |    30 |    65 |    52 |    52 |    44 |    43 ||   306
       Finesse           |       |       |       |       |       |     1 |     3 |     4 |     7 ||    15
 Abil: Evoke Invisibilit |       |       |       |       |       |       |       |       |     5 ||     5
Evoke: Wand              |       |       |       |    14 |    23 |    30 |    12 |    15 |    25 ||   119
       Lamp of fire      |       |       |       |       |       |     1 |     2 |     2 |     1 ||     6
       Sack of spiders   |       |       |       |       |       |       |       |       |     3 ||     3
       Box of beasts     |       |       |       |       |       |       |       |       |     1 ||     1
  Use: Potion            |       |     1 |       |     1 |     2 |     8 |     4 |     3 |    15 ||    34
       Scroll            |       |       |     9 |     9 |    22 |    14 |    11 |     8 |    20 ||    93
 Stab: Sleeping          |    14 |     5 |    17 |    14 |    28 |    20 |    26 |    17 |    20 ||   161
       Confused          |       |       |       |     4 |     5 |     1 |       |     1 |     2 ||    13
       Distracted        |       |       |       |     1 |     6 |     9 |     9 |    10 |    13 ||    48
       Paralysed         |       |       |       |     4 |    22 |     3 |       |     2 |     6 ||    37
       Invisible         |       |       |       |       |       |     6 |     2 |    13 |    25 ||    46
       Petrified         |       |       |       |       |       |       |       |       |     5 ||     5
       Held in net/web   |       |       |       |       |       |       |       |       |     3 ||     3
       Petrifying        |       |       |       |       |       |       |       |       |     1 ||     1
  Eat: Chunk             |     2 |     8 |    16 |    28 |    33 |    21 |    17 |    24 |     6 ||   155
       Ration            |       |       |       |       |     6 |     7 |    10 |     6 |    22 ||    51
Armor: Skin              |     5 |    15 |    15 |    36 |    46 |    14 |    19 |    17 |    21 ||   188
Dodge: Dodged            |    45 |    50 |   193 |   273 |   450 |   239 |   624 |   635 |   582 ||  3091
       Deflected         |       |       |       |       |       |       |       |     9 |     8 ||    17
Block: Buckler           |       |       |     6 |   133 |    21 |       |       |       |       ||   160
       Shield            |       |       |       |       |   815 |   545 |  1224 |  1076 |   787 ||  4447
       Reflection        |       |       |       |       |    22 |    48 |   173 |    84 |    27 ||   354
       Rpst.: Falchion   |       |       |       |    10 |       |       |       |       |       ||    10

Table legend:
 A = Non-vault XP
 B = Vault XP
 C = Vault XP percentage of total XP
 D = Non-vault monster count
 E = Vault monster count
 F = Vault count percentage of total count
                 A         B        C        D         E       F
            +---------+---------+-------+---------+---------+-------
      Total |  774077 |  592628 |  43.4 |    1498 |     739 |  33.0
            +---------+---------+-------+---------+---------+-------
        D:1 |      31 |      11 |  26.2 |      14 |       7 |  33.3
        D:2 |      36 |       0 |   0.0 |      13 |       0 |   0.0
        D:3 |      74 |       0 |   0.0 |      21 |       0 |   0.0
        D:4 |     231 |     433 |  65.2 |       7 |       3 |  30.0
        D:5 |     803 |       0 |   0.0 |      24 |       0 |   0.0
        D:6 |     756 |     810 |  51.7 |      19 |      10 |  34.5
        D:7 |    1351 |     191 |  12.4 |      29 |       6 |  17.1
        D:8 |     584 |    2960 |  83.5 |      20 |      17 |  45.9
        D:9 |    1122 |       0 |   0.0 |      22 |       0 |   0.0
       D:10 |    1586 |     378 |  19.2 |      14 |       1 |   6.7
       D:11 |    1587 |     427 |  21.2 |      13 |      23 |  63.9
       D:12 |    7782 |       0 |   0.0 |      55 |       0 |   0.0
       D:13 |    1875 |       0 |   0.0 |      14 |       0 |   0.0
       D:14 |    8146 |    2295 |  22.0 |      38 |       4 |   9.5
       D:15 |    6438 |    5231 |  44.8 |      21 |       6 |  22.2
     Lair:1 |    5332 |    3274 |  38.0 |      26 |       6 |  18.8
     Lair:2 |    5453 |    1378 |  20.2 |      22 |       4 |  15.4
     Lair:3 |    6103 |     910 |  13.0 |      25 |       2 |   7.4
     Lair:4 |   11993 |     492 |   3.9 |      38 |       1 |   2.6
     Lair:5 |    6295 |    7721 |  55.1 |      14 |      12 |  46.2
     Lair:6 |    4827 |   10850 |  69.2 |       8 |      40 |  83.3
    Swamp:1 |   14292 |   12378 |  46.4 |      30 |      17 |  36.2
    Swamp:2 |   13131 |       0 |   0.0 |      40 |       0 |   0.0
    Swamp:3 |    7861 |       0 |   0.0 |      12 |       0 |   0.0
    Swamp:4 |   10675 |   15403 |  59.1 |      30 |      45 |  60.0
    Snake:1 |   15567 |    5614 |  26.5 |      30 |       9 |  23.1
    Snake:2 |   20923 |    6372 |  23.3 |      38 |      10 |  20.8
    Snake:3 |   22999 |   12434 |  35.1 |      47 |      17 |  26.6
    Snake:4 |   23038 |   39620 |  63.2 |      45 |      56 |  55.4
    Slime:1 |    5702 |       0 |   0.0 |       7 |       0 |   0.0
    Slime:2 |    7420 |       0 |   0.0 |      14 |       0 |   0.0
    Slime:3 |    4753 |       0 |   0.0 |      18 |       0 |   0.0
    Slime:4 |   13118 |    2018 |  13.3 |      18 |       1 |   5.3
    Slime:5 |    6693 |   30801 |  82.1 |      11 |      11 |  50.0
      Orc:1 |    6409 |    3952 |  38.1 |      46 |      20 |  30.3
      Orc:2 |    1111 |    2570 |  69.8 |      22 |      22 |  50.0
      Elf:1 |    9016 |    7981 |  47.0 |      14 |      12 |  46.2
      Elf:2 |   18337 |   26812 |  59.4 |      27 |      33 |  55.0
      Elf:3 |   24275 |   57200 |  70.2 |      34 |      39 |  53.4
   Vaults:1 |   17547 |    1295 |   6.9 |      32 |       5 |  13.5
   Vaults:2 |   14514 |   19046 |  56.8 |      31 |      18 |  36.7
   Vaults:3 |   15312 |   29735 |  66.0 |      36 |      35 |  49.3
   Vaults:4 |   56847 |   29161 |  33.9 |      77 |      33 |  30.0
   Depths:1 |   61553 |   16091 |  20.7 |      78 |      16 |  17.0
   Depths:2 |   40428 |   30501 |  43.0 |      47 |      41 |  46.6
   Depths:3 |   54680 |   15250 |  21.8 |      65 |      21 |  24.4
   Depths:4 |   46021 |   28354 |  38.1 |      58 |      54 |  48.2
   Depths:5 |   32042 |   21118 |  39.7 |      39 |      15 |  27.8
      Zot:1 |   29291 |       0 |   0.0 |      20 |       0 |   0.0
      Zot:2 |    8444 |       0 |   0.0 |       5 |       0 |   0.0
      Zot:3 |   26720 |    5470 |  17.0 |      13 |       8 |  38.1
      Zot:4 |   31263 |       0 |   0.0 |      23 |       0 |   0.0
      Zot:5 |   27789 |  131623 |  82.6 |      18 |      33 |  64.7
      Zig:1 |    1144 |       0 |   0.0 |       1 |       0 |   0.0
      Zig:2 |    2552 |       0 |   0.0 |       3 |       0 |   0.0
      Zig:3 |    3087 |       0 |   0.0 |       5 |       0 |   0.0
      Zig:4 |    5010 |       0 |   0.0 |       5 |       0 |   0.0
      Zig:5 |    2108 |       0 |   0.0 |       2 |       0 |   0.0
      IceCv |       0 |    4468 | 100.0 |       0 |      26 | 100.0
            +---------+---------+-------+---------+---------+-------
